 Dungeon Crawl Stone Soup version 0.30-a0-475-g03497ec522 (webtiles) character file.

Game seed: 3763447271538253283

10113 Raultor the Transmogrifier (level 11, -13/90 HPs)
             Began as an Octopode Transmuter on Dec 20, 2022.
             Was a Priest of the Shining One.
             Mangled by a skeletal warrior
             ... wielding a +0 flail
              (25 damage)
             ... on level 11 of the Dungeon.
             The game lasted 00:28:01 (10360 turns).

Raultor the Transmogrifier (Octopode Transmuter)   Turns: 10360, Time: 00:28:02

Health: -13/90     AC: 13    Str:  9    XL:     11   Next: 57%
Magic:  18/23      EV: 10    Int: 20    God:    the Shining One [***...]
Gold:   252        SH:  7    Dex: 19    Spells: 4/15 levels left

rFire   x . .      SeeInvis .      - Unarmed
rCold   + + +      Faith    .    (shield currently unavailable)
rNeg    + + .      Spirit   .    (helmet currently unavailable)
rPois   +          Reflect  .    c - amulet of the acrobat
rElec   .          Harm     .    N - ring of positive energy
rCorr   .          Rampage  .    D - +6 ring of dexterity
Will    .....                    T - +4 ring of protection
Stlth   +.........               L - ring of flight
HPRegen 0.35/turn                M - ring of magical power
MPRegen 0.18/turn                (no ring)
                                 (no ring)
                                 (no ring)

@: divinely shielded, ice-form, flying, glowing
A: freezing attack, boosted hp, almost no armour, amphibious, 8 rings, large,
(camouflage 1), (gelatinous body 1), (nimble swimmer 1), (tentacles)
a: End Transformation, Renounce Religion, Divine Shield, Cleansing Flame


You were on level 11 of the Dungeon.
You worshipped the Shining One.
The Shining One was most pleased with you.
You were a creature of crystalline ice.
You visited 2 branches of the dungeon, and saw 12 of its levels.

You collected 764 gold pieces.
You spent 512 gold pieces at shops.


Innate Abilities, Weirdness & Mutations

You are a creature of crystalline ice.
You have a powerful freezing melee attack.
Your maximum health is increased.
Your armour is entirely melded.
You are incapable of wielding weapons or throwing items.
You cannot wear most types of armour.
You are amphibious.
You can wear up to eight rings at the same time.
((Your skin changes colour to match your surroundings (Stealth+).))
((Your rubbery body absorbs attacks. (AC +1, EV +1)))
((You are camouflaged when in or above water. (Stealth+)))
((You have tentacles for arms and can constrict up to eight enemies at once.))


   Skills:
 + Level 7.5 Fighting
 - Level 2.0 Dodging
 + Level 8.2 Unarmed Combat
 + Level 2.6 Spellcasting
 - Level 6.0 Summonings
 + Level 9.8 Transmutations
 - Level 8.2 Ice Magic
 * Level 2.7 Invocations


You had 4 spell levels left.
You knew the following spells:

 Your Spells              Type           Power      Damage    Failure   Level
b - Beastly Appendage     Tmut           84%        N/A       1%          1
c - Ice Form              Ice/Tmut       38%        N/A       3%          4
t - Summon Ice Beast      Ice/Summ       31%        N/A       8%          4
w - Wereblood             Tmut           42%        N/A       1%          2

Your spell library contained the following spells:

 Spells                   Type           Power      Damage    Failure   Level
 Summon Small Mammal      Summ           100%       N/A       1%          1
 Frozen Ramparts          Ice            70%        1d11      1%          3
 Spider Form              Tmut/Pois      22%        N/A       6%          3
 Apportation              Tloc           4%         N/A       16%         1
 Necrotise                Necr           8%         1d4       16%         1
 Olgreb's Toxic Radiance  Pois           2%         N/A       83%         4
 Ozocubu's Refrigeration  Ice            17%        4d11      99%         7
 Conjure Ball Lightning   Conj/Air       1%         3x3d6     100%        6
 Discord                  Hex            1%         N/A       100%        8
 Disjunction              Tloc           1%         N/A       100%        8
 Ignition                 Fire           1%         3d3       100%        8

Inventory:

Missiles
 a - 3 throwing nets {=f}
 B - 16 boomerangs of dispersal {=f}
Jewellery
 c - an amulet of the acrobat (around neck)
 g - an amulet of magic regeneration
 D - a +6 ring of dexterity (right front paw)
 L - a ring of flight (on tentacle)
 M - a ring of magical power (on tentacle)
 N - a ring of positive energy (left front paw)
 T - a +4 ring of protection (on tentacle)
Wands
 p - a wand of charming (5)
 s - a wand of polymorph (8)
 z - a wand of flame (16)
 C - a wand of quicksilver (7)
 G - a wand of mindburst (34)
Scrolls
 b - a scroll of torment {unknown}
 d - 2 scrolls of enchant weapon {unknown}
 e - 6 scrolls of teleportation {@r2}
 h - 3 scrolls of magic mapping
 i - 5 scrolls of fear
 j - 3 scrolls of enchant armour {unknown}
 k - 2 scrolls of blinking {unknown}
 n - a scroll of vulnerability {unknown}
 q - 2 scrolls of identify {@r1}
 t - 2 scrolls of butterflies {unknown}
 w - a scroll of immolation
 x - a scroll of amnesia {unknown}
 y - a scroll of silence {unknown}
 A - 2 scrolls of brand weapon {unknown}
 E - a scroll of poison {unknown}
Potions
 f - 2 potions of brilliance
 l - 2 potions of ambrosia
 m - 3 potions of heal wounds {@q2}
 r - 3 potions of mutation
 u - a potion of cancellation
 F - a potion of attraction
 H - a potion of might

Dungeon Overview and Level Annotations

Branches:
Dungeon (11/15)            Temple (1/1) D:6
   Lair: D:8-11         Orc: D:9-12

Altars:
Dithmenos
Elyvilon
Fedhas
Kikubaaqudgha
Makhleb
Okawaru
Qazlal
Trog
Uskayaw
Vehumet
Wu Jian
Xom
Yredelemnul
Zin
The Shining One

Shops:
D:6 =   D:9 ! D:11

! #....#...$
#####.#.........
#..).)..#.......#
#<##.##.#...?...#
#.##.##.#.......#
#÷##.##.#.......#
#.##.##.#.......#
#.##.##.#.#......
#....Yz....../#
####∩###.........
#.# #..#.#...#
#.# #.........
#.. ..........
#####.#.#...#
#......##
#####>##


You could see a skeletal warrior.


Message History

You hit the skeletal warrior but do no damage.
The skeletal warrior is moderately damaged.
The skeletal warrior hits you with a +0 flail!!
* * * LOW HITPOINT WARNING * * *
You hit the skeletal warrior but do no damage.
The skeletal warrior is moderately damaged.
You block the skeletal warrior's attack.
You hit the skeletal warrior. You freeze the skeletal warrior.
The skeletal warrior is moderately damaged.
The skeletal warrior hits you with a +0 flail!
* * * LOW HITPOINT WARNING * * *
You hit the skeletal warrior.
The skeletal warrior is moderately damaged.
The skeletal warrior barely misses you.
You hit the skeletal warrior. You freeze the skeletal warrior.
The skeletal warrior is heavily damaged.
The skeletal warrior hits you with a +0 flail!
* * * LOW HITPOINT WARNING * * *
You hit the skeletal warrior. You freeze the skeletal warrior.
The skeletal warrior is heavily damaged.
You hit the skeletal warrior.
The skeletal warrior is severely damaged.
You block the skeletal warrior's attack.
You hit the skeletal warrior but do no damage.
The skeletal warrior is severely damaged.
The skeletal warrior barely misses you.
You hit the skeletal warrior but do no damage.
The skeletal warrior is heavily damaged.
The skeletal warrior hits you with a +0 flail!!
You die...

Skill      XL: |  1  2  3  4  5  6  7  8  9 10 11 |
---------------+----------------------------------+-----
Ice Magic      | 1 2 3 4 6 8 |  8.2
Transmutations | 3 4 5 6 8 9 |  9.8
Fighting       | 2 3 4 5 6 7 |  7.5
Unarmed Combat | 4 5 6 7 8 |  8.2
Summonings     | 4 6 |  6.0
Invocations    | 2 |  2.7
Dodging        | |  2.0
Spellcasting   | |  2.6

Action                   |  1- 3 |  4- 6 |  7- 9 | 10-12 || total
-------------------------+-------+-------+-------+-------++-------
Melee: Unarmed           |    83 |   170 |   182 |   230 ||   665
       Constrict         |    20 |    34 |     7 |       ||    61
       Tentacles         |    16 |    30 |     3 |       ||    49
       Punch             |     1 |     1 |     1 |     4 ||     7
       Kick              |     6 |    15 |     4 |       ||    25
 Cast: Beastly Appendage |     6 |    12 |     4 |       ||    22
       Wereblood         |     2 |     1 |     6 |     5 ||    14
       Ice Form          |       |     5 |    27 |    14 ||    46
       Summon Ice Beast  |       |       |       |     2 ||     2
Invok: Divine Shield     |       |       |       |     2 ||     2
Evoke: Wand              |       |       |     2 |       ||     2
  Use: Potion            |       |     2 |       |     7 ||     9
       Scroll            |       |       |    11 |     2 ||    13
 Stab: Sleeping          |     3 |     3 |       |       ||     6
Armor: Skin              |     3 |    32 |    32 |    71 ||   138
Dodge: Dodged            |    51 |   127 |    83 |    85 ||   346
Block: Other             |       |       |       |     7 ||     7

Levels and vault maps discovered:
D:1:      minmay_arrival_plants_in_alcoves, layout_loops_ring, minmay_vboxes
D:2:      layout_loops_ring, basic_altar, hellmonk_ecumenical_altar_run_dry,
          uniq_robin
D:3:      layout_rooms, mainiacjoe_overflow_small_starburst,
          nicolae_tso_swordbearing_angel
D:4:      layout_basic
D:5:      layout_basic, kennysheep_mini, gammafunk_temple_overflow_claw,
          dk_noncrumbling_3
D:6:      layout_loops_corners, temple_hall, serial_shops, nicolae_shop_trees,
          grunt_ministairs_2, minmay_unpleasant_kobolds
D:7:      layout_cave_pools, mainiacjoe_overflow_alcove_1,
          ebering_dispersal_statue_hall
D:8:      layout_basic, old_standard_altar, gammafunk_ghost_nasty_kobolds
D:9:      layout_rooms, general_overflow_altar,
          mainiacjoe_overflow_surrounded_room, serial_shops, shop,
          amcnicky_mini_pool_medium
D:10:     layout_rooms, mainiacjoe_overflow_cross_hatched,
          chequers_temple_overflow_statue_of_worship
D:11:     layout_loops_cross, lair_entry_dummy, orc_david_3, serial_shops, shop,
          uniq_maurice
Temple:   dpeg_three_leaves_temple

Notes
Turn   | Place    | Note
-------+----------+-------------------------------------------
     0 | D:1      | Raultor the Octopode Transmuter began the quest for the
                  | Orb.
     0 | D:1      | Reached XP level 1. HP: 13/13 MP: 3/3
    84 | D:1      | Reached XP level 2. HP: 18/18 MP: 5/5
   237 | D:1      | Reached skill level 1 in Ice Magic
   611 | D:1      | Learned a level 2 spell: Wereblood
   741 | D:1      | Reached XP level 3. HP: 23/23 MP: 4/6
   932 | D:2      | Found a faded altar of an unknown god.
   991 | D:2      | Noticed Robin
  1004 | D:2      | Killed Robin
  1020 | D:2      | Reached XP level 4. HP: 28/29 MP: 3/7
  1078 | D:2      | Reached skill level 2 in Ice Magic
  1129 | D:2      | Reached skill level 3 in Transmutations
  1334 | D:2      | Learned a level 4 spell: Ice Form
  1483 | D:2      | Found a blossoming altar of Fedhas.
  1716 | D:3      | Found a glowing silver altar of Zin.
  1749 | D:3      | Reached skill level 2 in Fighting
  1749 | D:3      | Reached XP level 5. HP: 33/34 MP: 6/8
  2147 | D:3      | Found a glowing golden altar of the Shining One.
  2213 | D:3      | Became a worshipper of the Shining One
  2725 | D:3      | Reached skill level 3 in Ice Magic
  2725 | D:3      | Reached XP level 6. HP: 26/41 MP: 3/9
  2864 | D:4      | Reached skill level 4 in Transmutations
  2964 | D:4      | HP: 6/61 [poisoned by a scorpion]
  3258 | D:4      | You fall into a shaft and drop 3 floors!
  3339 | D:7      | Found a bloodstained altar of Trog.
  3398 | D:6      | Reached skill level 4 in Unarmed Combat
  3542 | D:6      | Noticed a black bear
  3555 | D:6      | Killed a black bear
  3556 | D:6      | Reached XP level 7. HP: 45/45 MP: 6/10
  3637 | D:6      | Found Azxasedgh's Jewellery Emporium.
  3657 | D:6      | Reached skill level 3 in Fighting
  3657 | D:6      | Reached skill level 4 in Ice Magic
  3662 | D:5      | Entered Level 5 of the Dungeon
  3818 | D:5      | Reached skill level 5 in Transmutations
  4006 | D:5      | Found an ornate altar of the Wu Jian Council.
  4006 | D:5      | Found a burning altar of Makhleb.
  4006 | D:5      | Found a shimmering altar of Xom.
  4339 | D:4      | Reached * piety under the Shining One
  4519 | D:4      | Reached XP level 8. HP: 52/52 MP: 3/11
  4823 | D:5      | Reached skill level 5 in Ice Magic
  5084 | D:5      | Identified the +1 robe of the Volcano {rElec rPois rN+
                  | Int+3}
  5382 | D:5      | Reached skill level 5 in Unarmed Combat
  5382 | D:5      | Reached skill level 6 in Transmutations
  5408 | D:5      | Reached skill level 4 in Fighting
  5664 | D:5      | Found an iron altar of Okawaru.
  6019 | D:6      | Reached skill level 6 in Ice Magic
  6244 | D:6      | Found a staircase to the Ecumenical Temple.
  6253 | Temple   | Entered the Ecumenical Temple
  6363 | D:6      | Found the +27 heavy crossbow "Sniper" {vorpal, Acc+∞ SInv}
  6412 | D:6      | Learned a level 4 spell: Summon Ice Beast
  6479 | D:6      | Reached XP level 9. HP: 49/59 MP: 6/12
  6609 | D:6      | Reached skill level 7 in Transmutations
  6934 | D:7      | Reached ** piety under the Shining One
  6979 | D:7      | Noticed a hornet
  6991 | D:7      | Killed a hornet
  6992 | D:7      | Reached skill level 7 in Ice Magic
  7122 | D:7      | Reached skill level 5 in Fighting
  7167 | D:7      | Reached skill level 6 in Unarmed Combat
  7521 | D:6      | Bought a +4 ring of protection for 468 gold pieces
  7678 | D:8      | Found a radiant altar of Vehumet.
  7681 | D:8      | Noticed a two-headed ogre
  7690 | D:8      | Killed a two-headed ogre
  7691 | D:8      | Reached skill level 8 in Transmutations
  7691 | D:8      | Reached skill level 8 in Ice Magic
  7691 | D:8      | Reached XP level 10. HP: 59/66 MP: 8/13
  8353 | D:8      | Found a runed translucent gate.
  8353 | D:8      | Found a runed translucent gate.
  8353 | D:8      | Noticed tsouns's ghost (journeyman GrIE)
  8354 | D:8      | Found a runed translucent gate.
  8386 | D:8      | Killed tsouns's ghost
  8387 | D:8      | Reached skill level 6 in Fighting
  8387 | D:8      | Reached skill level 2 in Summonings
  8409 | D:8      | Reached skill level 7 in Unarmed Combat
  8409 | D:8      | Reached skill level 3 in Summonings
  8647 | D:9      | Reached skill level 9 in Transmutations
  8852 | D:9      | Reached skill level 4 in Summonings
  8917 | D:9      | Found a blossoming altar of Fedhas.
  9009 | D:9      | Found Qutev's Distillery.
  9023 | D:9      | Bought a potion of might for 44 gold pieces
  9091 | D:9      | Found an ancient bone altar of Kikubaaqudgha.
  9257 | D:10     | Entered Level 10 of the Dungeon
  9262 | D:10     | Noticed a gargoyle
  9262 | D:10     | Reached *** piety under the Shining One
  9296 | D:10     | Reached XP level 11. HP: 74/74 MP: 11/14
  9298 | D:10     | Reached skill level 5 in Summonings
  9305 | D:10     | Reached skill level 7 in Fighting
  9431 | D:10     | Found a basalt altar of Yredelemnul.
  9477 | D:10     | Reached skill level 6 in Summonings
  9678 | D:10     | Found a hide-covered altar of Uskayaw.
  9680 | D:10     | Found a stormy altar of Qazlal.
  9943 | D:11     | Reached skill level 8 in Unarmed Combat
  9943 | D:11     | Reached skill level 1 in Invocations
 10003 | D:11     | Found Vicos's Distillery.
 10005 | D:11     | Noticed a skeletal warrior
 10028 | D:11     | HP: 6/112 [skeletal warrior/+0 dire flail (14)]
 10046 | D:11     | Killed a skeletal warrior
 10047 | D:11     | Reached skill level 2 in Invocations
 10204 | D:11     | Noticed a skeletal warrior
 10223 | D:11     | Killed a skeletal warrior
 10338 | D:11     | Noticed a skeletal warrior
 10360 | D:11     | Mangled by a skeletal warrior

Vanquished Creatures
  A two-headed ogre (D:8)
  The ghost of tsouns the Frost Mage, a journeyman GrIE of Gozag (D:8)
  2 skeletal warriors (D:11)
  A gargoyle (D:10)
  A troll (D:10)
  2 hornets
  16 yaks
  3 water moccasins
  2 orc warriors
  2 ice beasts (D:7)
  A sky beast (D:8)
  4 ogres
  2 black bears
  2 centaurs
  13 kobold brigands
  A gnoll sergeant (D:8)
  5 bullfrogs
  2 scorpions
  5 wights (D:7)
  9 killer bees (D:10)
  An electric eel (D:9)
  A howler monkey (D:10)
  3 hounds (D:6)
  10 orc priests
  A gnoll bouda (D:5)
  3 iguanas
  5 orc wizards
  Robin (D:2)
  16 gnolls
  9 adders
  A shadow imp (D:6)
  A white imp (D:5)
  2 ufetubi (D:6)
  2 worms (D:2)
  2 dart slugs
  19 orcs
  8 bats
  8 endoplasms
  7 giant cockroaches
  23 goblins
  9 hobgoblins
  2 jackals (D:4)
  A quokka (D:3)
  6 ball pythons
  3 frilled lizards
  20 kobolds
  A rat (D:1)
240 creatures vanquished.

Vanquished Creatures (collateral kills)
  A bullfrog (D:9)
  An orc priest (D:9)
  A kobold (D:9)
3 creatures vanquished.

Vanquished Creatures (others)
  3 fungi (D:8)
  5 plants (D:10)
8 creatures vanquished.

Grand Total: 251 creatures vanquished

Table legend: (Time is in decaauts)
 A = Elapsed time spent in this place.
 B = Non-inter-level travel time spent in this place.
 C = Inter-level travel time spent in this place.
 D = Time resting spent in this place.
 E = Time spent auto-exploring this place.
 F = Levels seen in this place.
 G = Mean time per level.
                   A        B        C        D        E       F      G
               +--------+--------+--------+--------+--------+-----+--------+
         Total |  10302 |   9973 |    329 |    612 |   7534 |  12 |  858.5 |
       Dungeon |  10301 |   9972 |    329 |    612 |   7534 |  11 |  936.5 |
        Temple |      1 |      1 |      0 |      0 |      0 |   1 |    1.0 |
               +--------+--------+--------+--------+--------+-----+--------+

Top non-repeatable levels by time:
     D:5: 1549 daAuts
     D:6: 1347 daAuts
     D:4: 1126 daAuts
     D:8: 1064 daAuts
     D:2: 1010 daAuts
     D:1: 905 daAuts
     D:3: 896 daAuts
     D:7: 702 daAuts
    D:10: 667 daAuts
     D:9: 612 daAuts
    D:11: 418 daAuts
  Temple: 1 daAuts

Table legend:
 A = Non-vault XP
 B = Vault XP
 C = Vault XP percentage of total XP
 D = Non-vault monster count
 E = Vault monster count
 F = Vault count percentage of total count
                 A         B        C        D         E       F
            +---------+---------+-------+---------+---------+-------
      Total |   12166 |    2282 |  15.8 |     204 |      39 |  16.0
            +---------+---------+-------+---------+---------+-------
        D:1 |      26 |      11 |  29.7 |      15 |       6 |  28.6
        D:2 |      63 |      37 |  37.0 |      19 |      13 |  40.6
        D:3 |     214 |       0 |   0.0 |      32 |       0 |   0.0
        D:4 |     371 |       0 |   0.0 |      22 |       0 |   0.0
        D:5 |     919 |       0 |   0.0 |      26 |       0 |   0.0
        D:6 |     675 |     293 |  30.3 |      13 |       8 |  38.1
        D:7 |    1116 |       0 |   0.0 |      14 |       0 |   0.0
        D:8 |    1695 |    1790 |  51.4 |      16 |      11 |  40.7
        D:9 |     978 |     151 |  13.4 |      17 |       1 |   5.6
       D:10 |    3760 |       0 |   0.0 |      24 |       0 |   0.0
       D:11 |    2349 |       0 |   0.0 |       6 |       0 |   0.0
            +---------+---------+-------+---------+---------+-------
